 Dungeon Crawl Stone Soup version 0.32-a0-22-g6ae6769602 (webtiles) character file.

Game seed: 13355092798838775114

19 Juni the Trooper (level 2, 19/19 HPs)
             Began as a Kobold Fighter on Jan 18, 2024.
             Quit the game on level 1 of the Dungeon.
             The game lasted 00:05:05 (997 turns).

Juni the Trooper (Kobold Fighter)                    Turns: 997, Time: 00:05:05

Health: 19/19      AC:  6    Str: 13    XL:     2   Next: 95%
Magic:  2/2        EV: 10    Int:  9    God:
Gold:   54         SH:  6    Dex: 14    Spells: 1/1 levels left

rFire   . . .        a - +0 rapier
rCold   . . .        g - +2 buckler {reflect}
rNeg    . . .        b - +0 scale mail
rPois   .            (no helmet)
rElec   .            (no cloak)
rCorr   .            (no gloves)
SInv    .            (no boots)
Will    .....        f - amulet of guardian spirit
Stlth   +            (no ring)
HPRegen 0.23/turn    (no ring)
MPRegen 0.08/turn

%: reflection, guardian spirit
@: no status effects
A: small, no large weapons, nightstalker 3
a: no special abilities


You were on level 1 of the Dungeon.
You visited 1 branch of the dungeon, and saw 1 of its levels.

You collected 54 gold pieces.

Inventory:

Hand Weapons
 a - a +0 rapier (weapon)
Armour
 b - a +0 scale mail (worn)
 c - a +0 buckler
 g - a +2 buckler of reflection (worn)
 h - a +0 helmet
Jewellery
 f - an amulet of guardian spirit (around neck)
Potions
 d - a potion of might
 e - 2 potions of haste {unknown}


   Skills:
 + Level 3.3 Fighting
 + Level 2.9 Short Blades
 * Level 2.6 Armour
 + Level 0.6 Dodging
 + Level 0.8 Stealth
 * Level 2.7 Shields


You had one spell level left.
You didn't know any spells.
Your spell library was empty.

Dungeon Overview and Level Annotations

Branches:
Dungeon (1/15) Zot: 4995

Altars:


Innate Abilities, Weirdness & Mutations

You are small and have problems with some larger weapons.
You are completely attuned to the shadows.


Message History

f - an amulet of guardian spirit No target in view!
Key pressed, stopping explore.
No target in view!
Key pressed, stopping explore.
No target in view!
Key pressed, stopping explore.
No target in view!
Key pressed, stopping explore.
No target in view!
Your hearing returns.
Key pressed, stopping explore.
You start putting on your amulet.
You continue putting on your amulet of guardian spirit. x5
You finish putting on your amulet of guardian spirit.
You feel your power drawn to a protective spirit.
f - an amulet of guardian spirit (around neck) No target in view!
g - a scroll labelled YTREFI HAGEP Key pressed, stopping explore.
Unknown command.
This is a scroll of acquirement!
Something appears at your feet!
g - a +2 buckler of reflection You start removing your armour.
You continue taking off your +0 buckler. x4
You finish taking off your +0 buckler.
You start putting on your armour.
You continue putting on your +2 buckler of reflection. x5
You finish putting on your +2 buckler of reflection.
No target in view!
There is an open door here.
There is a stone staircase leading down here.
You open the door.
There is an open door here.
Key pressed, stopping explore.
No target in view!
h - a +0 helmet
Okay, then.
Are you sure you want to abandon this character and quit the game? (Confirm with "yes".)

#...>............
#.....####.#####.
##########.# #.
#...##.# #. ..#
#.#.##.# #. #.#
#.#....# #.
#.###.#..#.#####.
#####.#.#.#..#.......
....@...#.#..#.#####.
.####.#.#.#..#.##....
#.#.#.#..#.##.##.
#.#.#.#..#.##.###
#.#.#.#..#.##....
#.#.####.#####.
#.#......# #.
#.######.# #. #.#
##.### #.


There were no monsters in sight!

Vanquished Creatures
  A dart slug (D:1)
  4 ball pythons (D:1)
  3 hobgoblins (D:1)
  A kobold (D:1)
  2 quokkas (D:1)
  5 bats (D:1)
16 creatures vanquished.

Notes
Turn   | Place    | Note
-------+----------+-------------------------------------------
     0 | D:1      | Juni the Kobold Fighter began the quest for the Orb.
     0 | D:1      | Reached XP level 1. HP: 14/14 MP: 1/1
   286 | D:1      | Reached XP level 2. HP: 19/19 MP: 2/2
   786 | D:1      | Identified a scroll of acquirement
   786 | D:1      | Acquired a +2 buckler of reflection
   997 | D:1      | Quit the game

Illustrated notes

Levels and vault maps discovered:
D:1:      amcnicky_arrival_blooded_trapdoor, layout_basic,
          corexii_item_surrounded_by_moat

Action                     || total
---------------------------++-------
  Melee: Rapier            ||    59
    Use: Scroll            ||     4
   Stab: Sleeping          ||     2
 Armour: Scale mail        ||    46
  Dodge: Dodged            ||    25
  Block: Buckler           ||    15

Table legend: (Time is in decaauts)
 A = Elapsed time spent in this place.
 B = Non-inter-level travel time spent in this place.
 C = Inter-level travel time spent in this place.
 D = Time resting spent in this place.
 E = Time spent auto-exploring this place.
 F = Levels seen in this place.
 G = Mean time per level.
                   A        B        C        D        E       F      G
               +--------+--------+--------+--------+--------+-----+--------+
         Total |   1004 |    984 |     20 |      0 |    838 |   1 | 1004.0 |
       Dungeon |   1004 |    984 |     20 |      0 |    838 |   1 | 1004.0 |
               +--------+--------+--------+--------+--------+-----+--------+

Top non-repeatable levels by time:
     D:1: 1004 daAuts
